 Dungeon Crawl Stone Soup version 0.22.0-21-g8bd1b0a76a (webtiles) character file.

278 LLavrengius the Chiller (level 6, -2/47 HPs)
             Began as a Barachi Ice Elementalist on Aug 20, 2018.
             Slain by an orc
             ... wielding a +1 vampiric trident
              (3 damage)
             ... on level 5 of the Dungeon.
             The game lasted 00:21:18 (4444 turns).

LLavrengius the Chiller (Barachi Ice Elementalist)  Turns: 4444, Time: 00:21:19

Health: -2/47      AC:  6    Str: 10    XL:     6   Next: 26%
Magic:  9/9        EV: 11    Int: 17    God:
Gold:   197        SH:  6    Dex: 12    Spells: 6/9 levels left

rFire    . . .     SeeInvis .   i - +0 spear
rCold    . . .     Gourm    .   q - +2 buckler
rNeg     . . .     Faith    .   z - +0 ring mail (curse)
rPois    .         Spirit   .   (no helmet)
rElec    .         Reflect  .   p - +0 cloak
rCorr    .         Harm     .   (no gloves)
MR       .....                  (no boots)
Stlth    +.........             (no amulet)
HPRegen  0.15/turn              (no ring)
MPRegen  0.11/turn              (no ring)

@: slow
A: +LOS, swims, slowness 1, strong legs 1
a: Hop


You were on level 5 of the Dungeon.
You were hungry.

You visited 1 branch of the dungeon, and saw 5 of its levels.

You collected 197 gold pieces.

Inventory:

Hand Weapons
 i - a +0 spear (weapon)
 r - a +0 hunting sling
Missiles
 b - 2 throwing nets (quivered)
 g - 16 arrows
 h - 17 sling bullets
 j - 60 stones
 n - 2 needles of confusion
 B - 32 bolts
Armour
 p - a +0 cloak (worn)
 q - a +2 buckler (worn)
 z - a cursed +0 ring mail (worn)
Jewellery
 t - an uncursed amulet of guardian spirit {unknown}
Scrolls
 d - a scroll of enchant weapon {unknown}
 e - 3 scrolls of fear {unknown}
 m - 4 scrolls of enchant armour {unknown}
 v - 2 scrolls of identify {unknown}
 y - a scroll of amnesia {unknown}
 C - a scroll of immolation {unknown}
Potions
 f - a potion of agility {unknown}
 k - 3 potions of brilliance {unknown}
 l - 3 potions of might {unknown}
 o - a potion of experience {unknown}
 s - a potion of invisibility {unknown}
 u - a potion of mutation {unknown}
 w - a potion of haste {unknown}
 x - a potion of ambrosia {unknown}
 A - a potion of resistance {unknown}
Comestibles
 a - 2 chunks of flesh
 c - 7 rations


   Skills:
 + Level 3.3 Fighting
 - Level 3.0 Dodging
 - Level 2.1 Stealth
 + Level 3.0 Shields
 - Level 2.2 Spellcasting
 - Level 1.1 Conjurations
 + Level 5.6 Ice Magic


You had 6 spell levels left.
You knew the following spells:

 Your Spells              Type           Power        Failure   Level  Hunger
a - Freeze                Ice            ###.         5%          1    #......
b - Throw Frost           Conj/Ice       ##....       22%         2    ###....

Your spell library contained the following spells:

 Spells                   Type           Power        Failure   Level  Hunger
 Ozocubu's Armour         Chrm/Ice       ##......     47%         3    ###....
 Throw Icicle             Conj/Ice       ##......     80%         4    #####..
 Summon Ice Beast         Ice/Summ       ##......     87%         4    #####..


Dungeon Overview and Level Annotations

Branches:
Dungeon (5/15)
 Temple: D:4-7

Altars:
Ashenzari
Dithmenos
Okawaru
Sif Muna
The Shining One

Annotations:
D:2 Terence


Innate Abilities, Weirdness & Mutations

Shadows flee at your approach. (+LOS)
You can swim through water.
You cover ground slowly.
You can hop short distances.


Message History

You are feeling hungry.
The orc wizard hits you with a dagger. The worker ant zombie bites you.
* * * LOW HITPOINT WARNING * * *
You block the ice beast's attack.
The orc wizard hits you but does no damage.
The orc barely misses you. The orc wizard hits you with a dagger.
* * * LOW HITPOINT WARNING * * *
The worker ant zombie barely misses you.
You block the ice beast's attack.
The orc wizard hits you but does no damage.
You block the orc's attack.
The worker ant zombie barely misses you.
The ice beast hits you.
* * * LOW HITPOINT WARNING * * *
The ice beast freezes you!
* * * LOW HITPOINT WARNING * * *
The orc wizard misses you.
The orc hits you from afar with a vampiric trident.
You die...

..# #.# ## #.# ..
#S# Y##o# ..#o# #
#.#o# .### #.#Z#
....##########.#@#
##.....##......Yo#
#..............###
................#
................#
................#
................#
................#
....<...........#


You could see an ice beast, an orc wizard, an adder, 3 orcs and a worker ant
zombie.

Vanquished Creatures
  3 hounds
  An iguana (D:4)
  A worker ant (D:4)
  A worker ant zombie (D:4)
  A gnoll (D:4)
  5 adders
  A worm (D:4)
  4 dart slugs
  A leopard gecko (D:2)
  5 orcs
  3 giant cockroaches
  2 hobgoblins
  2 jackals (D:4)
  10 kobolds
  A quokka (D:5)
  8 bats
  4 frilled lizards
  5 goblins
  7 rats
65 creatures vanquished.

Notes
Turn   | Place    | Note
-------+----------+-------------------------------------------
     0 | D:1      | LLavrengius the Barachi Ice Elementalist began the quest for the Orb.
     0 | D:1      | Reached XP level 1. HP: 13/13 MP: 3/3
   138 | D:1      | Found an iron altar of Okawaru.
   281 | D:1      | Reached skill level 4 in Ice Magic
   281 | D:1      | Reached XP level 2. HP: 17/19 MP: 5/5
   285 | D:1      | Learned a level 2 spell: Throw Frost
  1200 | D:2      | Reached XP level 3. HP: 13/25 MP: 1/6
  1677 | D:2      | Reached skill level 1 in Fighting
  1947 | D:2      | Noticed Terence
  1959 | D:2      | Reached skill level 1 in Shields
  2068 | D:3      | HP: 1/26 [gnoll/enchanted spear (7)]
  2391 | D:3      | Reached XP level 4. HP: 32/32 MP: 7/7
  2480 | D:3      | Found a deep blue altar of Sif Muna.
  2679 | D:3      | Found a shadowy altar of Dithmenos.
  2708 | D:3      | Found a shattered altar of Ashenzari.
  2845 | D:4      | Reached skill level 5 in Ice Magic
  2845 | D:4      | Reached XP level 5. HP: 27/38 MP: 1/8
  3572 | D:4      | Reached XP level 6. HP: 30/47 MP: 1/9
  3790 | D:4      | Found a glowing golden altar of the Shining One.
  4405 | D:5      | Entered Level 5 of the Dungeon
  4430 | D:5      | Noticed an ice beast
  4443 | D:5      | HP: 1/47 [ice beast (7)]
  4444 | D:5      | Slain by an orc

Skill      XL: |  1  2  3  4  5  6 |
---------------+-------------------+-----
Stealth        | 2 |  2.1
Ice Magic      | 4 5 |  5.6
Fighting       | 1 2 3 |  3.3
Shields        | 1 2 3 |  3.0
Dodging        | 3 |  3.0
Spellcasting   | |  2.2
Conjurations   | |  1.1

Action                   |  1- 3 |  4- 6 || total
-------------------------+-------+-------++-------
Melee: Spear             |    69 |   119 ||   188
       Unarmed           |     2 |       ||     2
       Club              |     4 |       ||     4
       Dagger            |       |     9 ||     9
 Cast: Freeze            |    28 |    38 ||    66
       Throw Frost       |     6 |     8 ||    14
  Use: Scroll            |       |     1 ||     1
 Stab: Sleeping          |     4 |     3 ||     7
  Eat: Chunk             |     4 |    10 ||    14
Armor: Robe              |    18 |    12 ||    30
       Ring mail         |       |    38 ||    38
Dodge: Dodged            |    53 |    95 ||   148
Block: Buckler           |     8 |    52 ||    60
